 Dungeon Crawl Stone Soup version 0.31-a0-198-g2ad674f65e (webtiles) character file.

Game seed: 4725376095577087282

63 Zonian the Magician (level 3, 0/19 HPs)
             Began as a Deep Elf Air Elementalist on June 25, 2023.
             Slain by an adder (1 damage)
             ... on level 2 of the Dungeon.
             The game lasted 00:01:49 (1530 turns).

Zonian the Magician (Deep Elf Air Elementalist)     Turns: 1530, Time: 00:01:49

Health: 0/19       AC:  2    Str:  5    XL:     3   Next: 87%
Magic:  9/10       EV: 13    Int: 21    God:
Gold:   20         SH:  0    Dex: 15    Spells: 8/9 levels left

rFire   . . .        (no weapon)
rCold   . . .        (no shield)
rNeg    . . .        a - +0 robe
rPois   .            (no helmet)
rElec   .            (no cloak)
rCorr   .            (no gloves)
SInv    .            (no boots)
Will    .....        (no amulet)
Stlth   ++           (no ring)
HPRegen 0.23/turn    (no ring)
MPRegen 0.12/turn

%: no passive effects
@: lethally poisoned (0 -> -1), very slightly contaminated
A: no striking features
a: no special abilities


You were on level 2 of the Dungeon.
You visited 1 branch of the dungeon, and saw 2 of its levels.

You collected 20 gold pieces.

Inventory:

Hand Weapons
 g - a +0 dagger
Missiles
 i - 2 atropa-tipped darts
 j - 3 poisoned darts
Armour
 a - a +0 robe (worn)
 h - a +0 kite shield
Scrolls
 d - a scroll of enchant armour {unknown}
 e - a scroll of teleportation {unknown}
Potions
 c - a potion of haste {unknown}
 f - a potion of enlightenment {unknown}


   Skills:
 + Level 3.1 Dodging
 + Level 3.3 Stealth
 + Level 3.7 Spellcasting
 + Level 2.0 Conjurations
 + Level 3.4 Air Magic


You had 8 spell levels left.
You knew the following spells:

 Your Spells              Type           Power      Damage    Failure   Level
a - Shock                 Conj/Air       60%        1d6       4%          1

Your spell library contained the following spells:

 Spells                   Type           Power      Damage    Failure   Level
 Static Discharge         Conj/Air       30%        2-4/arc   6%          2
 Swiftness                Air            18%        N/A       9%          3
 Poisonous Vapours        Pois/Air       22%        N/A       10%         2
 Sting                    Tmut/Pois      12%        1d3       12%         1
 Airstrike                Air            9%         2d(2-18)  30%         4
 Olgreb's Toxic Radiance  Pois           3%         N/A       77%         4


Dungeon Overview and Level Annotations

Branches:
Dungeon (2/15)

Altars:


Message History

The zap hits the jackal.
You kill the jackal!
You can't see any susceptible monsters within range! (Use Z to cast anyway.)
You can't see any susceptible monsters within range! (Use Z to cast anyway.) Unknown command.
You start resting.
An adder is nearby!
An adder is nearby!
An adder is nearby!
The zap hits the adder.
The adder is lightly wounded.
The adder hisses angrily.
The zap hits the adder.
The adder is moderately wounded.
The zap hits the adder.
The adder is moderately wounded.
The zap misses the adder.
The adder misses you. The adder bites you.
The zap hits the adder.
The adder is severely wounded.
The adder closely misses you.
The zap misses the adder.
The adder bites you.
The zap misses the adder.
The adder bites you.
You are poisoned.
The adder poisons you! The adder barely misses you.
The zap misses the adder.
You feel sick. The adder bites you.
You miscast Shock.
You are very lightly contaminated with residual magic.
Nothing appears to happen.
You feel sick. The adder bites you.
Unknown command.
Magic courses through your body.
You feel sick. The adder barely misses you.
Unknown command.
Casting: Shock (safe; 4% risk of failure)
Confirm with . or Enter, or press ? or * to list all spells.
Aiming: Shock (safe; 4% risk of failure)
Press: ? - help, Shift-Dir - straight line, f/p - adder
Aim: an adder (severely wounded, 53% to hit)
The zap misses the adder.
You feel sick. The adder bites you.
* * * LOW HITPOINT WARNING * * *
The adder bites you.
You die...

#...S.. #.....
#.... #... #.. #.#
#.#
#.#################
#...S@............#
#########.).......#
..#.........#
#.#.........#
..........### ##
#.........# .
#[........# ##
#.#.........##
#...#.#..........#


You could see an adder.

Vanquished Creatures
  3 gnolls
  2 ball pythons (D:1)
  5 endoplasms (D:1)
  7 goblins (D:1)
  A hobgoblin (D:1)
  3 jackals (D:2)
  5 bats
  2 frilled lizards
  3 kobolds
31 creatures vanquished.

Notes
Turn   | Place    | Note
-------+----------+-------------------------------------------
     0 | D:1      | Zonian the Deep Elf Air Elementalist began the quest for
                  | the Orb.
     0 | D:1      | Reached XP level 1. HP: 10/10 MP: 6/6
   299 | D:1      | Reached XP level 2. HP: 15/15 MP: 6/8
  1157 | D:2      | Reached XP level 3. HP: 19/19 MP: 5/9
  1530 | D:2      | Slain by an adder

Illustrated notes

Levels and vault maps discovered:
D:1:      saegor_arrival_simple_e, layout_basic
D:2:      layout_basic

Skill      XL: |  1  2  3 |
---------------+----------+-----
Stealth        | 3 |  3.3
Dodging        | 3 |  3.1
Conjurations   | 2 |  2.0
Spellcasting   | |  3.7
Air Magic      | |  3.4

Action                     || total
---------------------------++-------
   Cast: Shock             ||    76
    Use: Potion            ||     1
 Armour: Robe              ||     2
  Dodge: Dodged            ||    13

Table legend: (Time is in decaauts)
 A = Elapsed time spent in this place.
 B = Non-inter-level travel time spent in this place.
 C = Inter-level travel time spent in this place.
 D = Time resting spent in this place.
 E = Time spent auto-exploring this place.
 F = Levels seen in this place.
 G = Mean time per level.
                   A        B        C        D        E       F      G
               +--------+--------+--------+--------+--------+-----+--------+
         Total |   1530 |   1506 |     24 |    210 |   1086 |   2 |  765.0 |
       Dungeon |   1530 |   1506 |     24 |    210 |   1086 |   2 |  765.0 |
               +--------+--------+--------+--------+--------+-----+--------+

Top non-repeatable levels by time:
     D:1: 1218 daAuts
     D:2: 312 daAuts
